Get step-by-step instructions on how to execute this build order below. Start the game timer, and the build order will tick by so you can play in parallel with StarCraft on a second screen or mobile device.

Game Time

  0:00

Last Step

  N/A

Next Step

  12  0:00  SCV  

Upcoming Step

  13  0:12  SCV  

Don't want to look back and forth between 2 screens? Try out our Overwolf App, the Spawning Tool Build Advisor to get an in-game overlay with this build!

Complete Build Order

  12  0:00  SCV  
  13  0:12  SCV  
  14  0:17  Supply Depot  
  14  0:24  SCV  
  15  0:38  SCV  
  15  0:40  Barracks  
  16  0:43  Refinery  
  16  0:50  SCV  
  17  1:02  SCV  
  18  1:14  SCV  
  19  1:26  Reaper  
  19  1:27  Orbital Command  
  20  1:40  Command Center  
  20  1:47  Supply Depot  
  20  1:53  SCV  
  21  1:58  Marine  
  22  2:05  SCV  
  23  2:10  Factory  
  23  2:15  Refinery  
  23  2:17  SCV  
  23  2:20  Barracks Reactor  
  24  2:29  SCV  
  25  2:41  SCV  
  26  2:53  Orbital Command  
  26  2:54  SCV  
  26  2:55  Starport  
  27  3:02  Hellion x2  
  27  3:04  Marine  
  32  3:06  SCV  
  33  3:18  SCV x2  
  35  3:23  Hellion x2  
  35  3:24  Barracks Tech Lab  
  39  3:27  Supply Depot  
  39  3:31  Liberator  
  39  3:33  SCV x2  
  44  3:45  Hellion  
  46  3:48  SCV x2  
  46  3:52  Hellion, Stimpack  
  46  3:55  Supply Depot  
  50  4:00  SCV x2  
  52  4:12  SCV x2  
  54  4:17  Command Center  
  54  4:18  Supply Depot, Starport Reactor  
  54  4:25  SCV x2  
  54  4:26  Barracks  
  54  4:28  Factory Tech Lab  
  56  4:31  Barracks  
  56  4:33  Marine  
  56  4:37  SCV  
  58  4:41  SCV  
  58  4:44  Supply Depot  
  59  4:49  SCV  
  59  4:50  Marine  
  59  4:51  Engineering Bay  
  61  4:53  SCV  
  61  4:56  Engineering Bay  
  61  5:01  SCV  
  61  5:03  Siege Tank, Starport Reactor  
  61  5:05  SCV  
  66  5:08  Marine  
  66  5:13  SCV  
  63  5:18  SCV  
  63  5:20  Terran Infantry Weapons Level 1, Refinery  
  60  5:21  Refinery  
  60  5:23  Marine  
  60  5:24  Marine  
  60  5:25  SCV  
  60  5:28  Terran Infantry Armor Level 1  
  63  5:29  Marine  
  63  5:30  SCV, Marine x2  
  67  5:37  SCV  
  67  5:39  Combat Shield, Armory  
  67  5:41  Marine x2  
  67  5:42  SCV  
  71  5:49  Supply Depot, SCV, Marine  
  73  5:50  Marine  
  73  5:53  Supply Depot  
  73  5:54  SCV, Orbital Command  
  75  5:57  Medivac  
  75  5:58  Marine  
  75  6:01  SCV  
  75  6:02  Medivac  
  81  6:08  Supply Depot, SCV  
  81  6:09  Marine x2  
  84  6:11  Marine  
  84  6:12  Marine  
  84  6:15  SCV  
  84  6:16  Marine  
  88  6:20  SCV  
  88  6:21  SCV  
  90  6:26  Marine, Barracks  
  90  6:27  Barracks  
  90  6:30  Siege Tank  
  90  6:31  SCV  
  95  6:35  SCV  
  95  6:37  Supply Depot  
  95  6:38  Supply Depot, Marine  
  95  6:39  SCV, Marine  
  99  6:43  SCV  
  101  6:47  Supply Depot, SCV  
  101  6:48  Marine x2  
  101  6:50  Medivac  
  101  6:51  Medivac  
  101  6:52  SCV  
  108  6:54  Marine  
  108  6:55  SCV  
  108  6:58  Marine x2  
  108  6:59  SCV  
  108  7:00  Supply Depot  
  113  7:04  SCV  
  113  7:05  Hellion x3, Refinery  
  113  7:06  Factory  
  113  7:07  Supply Depot  
  114  7:11  Marine x2  
  114  7:14  Factory  
  117  7:17  Terran Infantry Weapons Level 2  
  117  7:19  Barracks Reactor  
  117  7:20  Barracks Reactor  
  115  7:23  Marine  
  115  7:25  Marine  
  115  7:26  SCV  
  115  7:28  Marine x2  
  115  7:29  Drilling Claws, Siege Tank  
  123  7:35  Marine  
  124  7:39  Command Center  
  124  7:41  Marine  
  124  7:43  Marine  
  126  7:46  Marine x2  
  126  7:50  Supply Depot  
  128  7:52  Medivac x2  
  128  7:53  Marine  
  128  7:54  SCV x2  
  128  7:58  Marine  
  128  7:59  SCV  
  128  8:00  Marine x4  
  128  8:03  Marine  
  128  8:05  Siege Tank  
  135  8:06  SCV  
  135  8:09  Marine  
  135  8:10  Marine  
  133  8:16  Marine  
  133  8:17  Marine x2  
  133  8:18  Marine x2  
  133  8:19  SCV, Factory Reactor  
  136  8:21  Marine  
  136  8:27  SCV, Marine  
  136  8:28  Medivac  
  136  8:30  Barracks Reactor  
  136  8:32  SCV  
  138  8:37  Command Center  
  138  8:38  Marine x2  
  138  8:40  Marine  
  141  8:42  Marine  
  141  8:43  Marine  
  141  8:44  Marine  
  141  8:45  Siege Tank, Marine  
  148  8:50  Supply Depot x2  
  148  8:54  SCV  
  149  8:56  Marine x2  
  149  8:57  Terran Infantry Armor Level 2  
  149  8:58  Marine  
  149  9:00  Marine  
  149  9:01  Marine x2  
  155  9:04  Marine  
  155  9:07  Marine  
  155  9:09  Marine  
  157  9:10  SCV  
  157  9:11  SCV  
  157  9:12  Widow Mine x2  
  157  9:14  Marine x2  
  157  9:16  Marine  
  165  9:17  Widow Mine  
  165  9:21  Marine  
  165  9:23  Command Center  
  140  9:26  Supply Depot  
  140  9:27  Medivac  
  140  9:28  Supply Depot  
  140  9:29  Marine  
  140  9:30  SCV  
  140  9:31  SCV x2  
  145  9:33  Widow Mine x2, Marine  
  145  9:36  Marine  
  145  9:37  Medivac  
  145  9:38  Marine  
  154  9:39  Widow Mine  
  154  9:40  Marine  
  154  9:44  Terran Infantry Weapons Level 3  
  157  9:47  Marine  
  157  9:48  Supply Depot  
  157  9:50  Supply Depot  
  157  9:52  Marine x3  
  160  9:54  Widow Mine  
  160  9:55  Marine  
  160  9:56  Marine  
  160  9:57  Widow Mine  
  167  10:01  Widow Mine, SCV  
  167  10:03  SCV  
  171  10:07  Marine x2  
  171  10:09  Marine x3  
  167  10:16  Widow Mine, Marine  
  167  10:18  Widow Mine  
  169  10:21  Marine  
  169  10:22  Widow Mine, SCV  
  169  10:27  Marine x3  
  169  10:28  Marine  
  147  10:32  Terran Vehicle And Ship Armor Level 1  
  146  10:36  Marine  
  146  10:37  Widow Mine  
  146  10:38  Barracks  
  146  10:39  Widow Mine, Barracks  
  146  10:40  Marine x4, Barracks  
  146  10:41  SCV  
  153  10:44  Marine  
  153  10:47  Widow Mine  
  156  10:50  Marine  
  156  10:51  SCV x2, Marine  
  160  11:00  Widow Mine, Marine  
  160  11:01  Marine  
  160  11:02  Widow Mine  
  166  11:05  Marine  
  166  11:06  Marine  
  166  11:07  Marine  
  166  11:08  Widow Mine  
  166  11:09  SCV  
  164  11:19  Marine  
  164  11:20  Marauder, Marine x2  
  164  11:21  Widow Mine, Marine x2  
  164  11:23  Marine  
  164  11:24  Liberator  
  164  11:25  Liberator  
  178  11:26  Widow Mine  
  178  11:30  Marine  
  181  11:35  Orbital Command  
  181  11:37  Widow Mine  
  181  11:38  Command Center  
  181  11:43  Widow Mine, Marine  
  184  11:53  Widow Mine, Marine x2  
  182  11:58  Cyclone  
  185  12:05  Widow Mine  
  185  12:07  Medivac  
  189  12:23  Terran Infantry Armor Level 3  
  189  12:24  Supply Depot  
  189  12:33  Marine  
  189  12:35  Marine x2  
  189  12:36  Marauder, Marine  
  189  12:42  Widow Mine, Barracks Tech Lab x2  
  189  12:43  Barracks Tech Lab  
  188  12:45  Liberator, Medivac  
  188  12:46  Widow Mine x2  
  188  12:47  Supply Depot  
  197  12:55  Command Center  
  197  12:56  SCV, Refinery x2  
  197  12:57  Sensor Tower  
  197  12:58  Marauder, SCV  
  185  13:02  Marauder  
  185  13:04  Widow Mine, Concussive Shells  
  185  13:05  Marauder  
  185  13:06  Marine x2  
  185  13:07  Widow Mine x2, Marine  
  185  13:09  Marine x2  
  185  13:10  Marine x2  
  185  13:11  Marine x2  
  196  13:19  Marauder, Orbital Command  
  194  13:20  Orbital Command  
  194  13:22  Marine  
  194  13:24  Marine x2, Orbital Command  
  194  13:25  Widow Mine, Marine  
  200  13:32  Command Center  
  200  13:35  Missile Turret  
  200  13:41  Marauder  
  200  13:45  Missile Turret, Planetary Fortress  
  200  13:47  Refinery  
  200  13:48  Refinery, Sensor Tower  
  185  13:57  Widow Mine  
  185  13:58  Marauder  
  184  14:05  Marauder x2, Widow Mine x2, Marine x2  
  184  14:06  Marine x2  
  184  14:07  Medivac  
  181  14:17  Marine x2, Orbital Command  
  181  14:18  Marauder  
  181  14:19  Widow Mine  
  186  14:24  Marine x2  
  186  14:25  Marauder  
  186  14:26  Widow Mine x2  
  186  14:27  Marauder  
  178  14:32  Marine x2  
  178  14:38  Marauder, Marine  
  178  14:40  Widow Mine  
  178  14:41  SCV  
  178  14:43  SCV  
  182  14:48  Widow Mine x2  
  179  14:53  Marauder, Missile Turret  
  179  14:54  Marine  
  179  14:55  Marauder  
  174  15:01  Widow Mine  
  174  15:02  Marauder  
  176  15:09  Widow Mine x2  
  176  15:12  Marauder  
  182  15:17  Planetary Fortress  
  182  15:19  Medivac  
  182  15:22  Marauder, Marine x2  
  182  15:23  Widow Mine  
  182  15:25  Medivac  
  186  15:29  Marine  
  186  15:31  Widow Mine x2  
  186  15:32  Marauder  
  186  15:34  Marauder, Marine  
  190  15:38  SCV x2  
  190  15:40  SCV  
  193  15:45  Widow Mine, Marine  
  193  15:46  Marauder, Marine  
  193  15:47  Marine  
  194  15:50  Marine  
  194  15:55  Widow Mine  
  177  15:59  Marine x2  
  177  16:03  Widow Mine  
  177  16:04  Marauder  
  182  16:06  Marine x2  
  179  16:13  Marauder, Widow Mine  
  183  16:18  SCV  
  183  16:19  SCV x2  
  183  16:20  SCV  
  187  16:26  SCV  
  187  16:28  Liberator  
  187  16:32  Liberator  
  192  16:35  Marauder  
  192  16:40  Marauder  
  192  16:42  SCV  
  195  16:52  Widow Mine  
  180  17:03  Widow Mine  
  180  17:05  Command Center  
  182  17:09  Marine  
  182  17:10  Marauder  
  182  17:11  Marine x2  
  182  17:12  Widow Mine  
  188  17:18  Liberator  
  188  17:19  Widow Mine  
  188  17:20  Marauder, Marine  
  196  17:25  Marauder  
  196  17:26  Marine  
  191  17:31  Widow Mine  
  191  17:35  Medivac  
  191  17:37  Marauder, Widow Mine  
  185  17:39  Marauder  
  185  17:42  Marauder  
  184  17:44  Widow Mine  
  184  17:49  SCV  
  184  17:50  SCV  
  184  17:51  Marauder  
  186  17:59  Marauder  
  186  18:00  Widow Mine  
  186  18:01  Marauder, Marine x2  
  186  18:04  Marine x2